 Dungeon Crawl Stone Soup version 0.24.0-13-gcf9b3192b9 (webtiles) character file.

Game seed: 8543511867468115884, levelgen mode: deterministic

264 Ge0ff the Vandal (level 6, -3/47 HPs)
             Began as a Barachi Arcane Marksman on Nov 10, 2019.
             Slain by an ogre
             ... wielding a +0 giant club
              (17 damage)
             ... on level 4 of the Dungeon.
             The game lasted 00:06:02 (4137 turns).

Ge0ff the Vandal (Barachi Arcane Marksman)          Turns: 4137, Time: 00:06:02

Health: -3/47      AC:  9    Str: 13    XL:     6   Next: 19%
Magic:  7/7        EV:  4    Int: 13    God:
Gold:   80         SH:  8    Dex: 13    Spells: 6/7 levels left

rFire    . . .     SeeInvis .   a - +0 hunting sling
rCold    . . .     Gourm    .   A - +0 shield
rNeg     . . .     Faith    .   B - +0 chain mail
rPois    .         Spirit   .   (no helmet)
rElec    .         Reflect  .   (no cloak)
rCorr    .         Harm     .   (no gloves)
MR       .....                  v - +0 pair of boots
Stlth    ..........             (no amulet)
HPRegen  0.15/turn              (no ring)
MPRegen  0.10/turn              (no ring)

@: slow
A: +LOS, swims, slowness 1, strong legs 1
a: Hop


You were on level 4 of the Dungeon.
You were not hungry.

You visited 1 branch of the dungeon, and saw 4 of its levels.

You collected 80 gold pieces.

Inventory:

Hand Weapons
 a - a +0 hunting sling (weapon)
 b - a +1 short sword of holy wrath
Missiles
 d - 105 sling bullets (quivered)
 s - 7 boomerangs
 t - 110 stones
 R - 9 poisoned darts
 V - 17 arrows
 X - 57 bolts
Armour
 v - a +0 pair of boots (worn)
 A - a +0 shield (worn)
 B - a +0 chain mail (worn)
 S - a +0 large shield
Scrolls
 C - 2 scrolls of remove curse
 D - a scroll of magic mapping {unknown}
 Q - 6 scrolls of enchant armour
 T - 2 scrolls of teleportation
Potions
 o - 2 potions of ambrosia
 q - 2 potions of curing
 z - 2 potions of brilliance
 H - 2 potions of haste {!q}
 I - a potion of invisibility
 U - a potion of heal wounds {unknown}
 W - a potion of degeneration {unknown}
 Y - a potion of cancellation {unknown}
Comestibles
 r - 9 rations


   Skills:
 + Level 3.6 Fighting
 * Level 4.5 Slings
 - Level 2.0 Armour
 - Level 2.1 Dodging
 + Level 2.3 Shields
 - Level 1.1 Spellcasting
 - Level 3.2 Hexes


You had 6 spell levels left.
You knew the following spells:

 Your Spells              Type           Power        Failure   Level  Hunger
a - Corona                Hex            #......      100%        1    ##.....

Your spell library contained the following spells:

 Spells                   Type           Power        Failure   Level  Hunger
 Slow                     Hex            #.......     100%        2    ###....
 Inner Flame              Hex/Fire       #.......     100%        3    ####...
 Portal Projectile        Hex/Tloc       #.....       100%        3    ####...
 Cause Fear               Hex            #.........   100%        4    #####..
 Leda's Liquefaction      Hex/Erth       #.........   100%        4    #####..


Dungeon Overview and Level Annotations

Branches:
Dungeon (4/15)
 Temple: D:4-7

Altars:


Innate Abilities, Weirdness & Mutations

Shadows flee at your approach. (+LOS)
You can swim through water.
You cover ground slowly.
You can hop short distances.


Message History

The ogre hits you with a +0 giant club.
Firing (i - inventory. (/) - cycle)
d - 107 sling bullets (quivered)
Press: ? - help, Shift-Dir - straight line, f/p - ogre
Aim: an ogre, wielding a +0 giant club (heavily wounded)
You shoot a sling bullet.
The sling bullet barely misses the ogre.
The sling bullet hits the howler monkey!
The howler monkey is moderately wounded.
The ogre hits you with a +0 giant club!!
* * * LOW HITPOINT WARNING * * *
You are too injured to fight recklessly!
You are too injured to fight recklessly!
You are too injured to fight recklessly!
Firing (i - inventory. (/) - cycle)
d - 106 sling bullets (quivered)
Press: ? - help, Shift-Dir - straight line, f/p - ogre
Aim: an ogre, wielding a +0 giant club (heavily wounded)
You shoot a sling bullet. The sling bullet hits the ogre.
The ogre is severely wounded.
The ogre hits you with a +0 giant club!
You die...

#.#
#.#.
#.###
#.#.
#...#
#.#.
###.#
#.#.
#.#
#.#.
#.#
#.#
#.#
#@#
#O#
.h#
#o##
..
...
.(.
.(..
.(...


You could see an ogre, a howler monkey and an orc.

Vanquished Creatures
  An ogre (D:2)
  A bullfrog skeleton (D:4)
  Jessica (D:2)
  3 adders
  2 oozes (D:1)
  An adder zombie (D:2)
  2 worms (D:2)
  2 dart slugs (D:2)
  A leopard gecko (D:4)
  An orc (D:3)
  9 bats
  9 giant cockroaches
  8 goblins
  7 hobgoblins
  9 jackals
  3 frilled lizards
  9 kobolds
  7 rats
76 creatures vanquished.

Notes
Turn   | Place    | Note
-------+----------+-------------------------------------------
     0 | D:1      | Ge0ff the Barachi Arcane Marksman began the quest for the
                  | Orb.
     0 | D:1      | Reached XP level 1. HP: 15/15 MP: 2/2
   191 | D:1      | Reached XP level 2. HP: 22/22 MP: 3/3
   835 | D:1      | Reached skill level 3 in Slings
   835 | D:1      | Reached XP level 3. HP: 27/27 MP: 4/4
  1699 | D:2      | Noticed Jessica
  1710 | D:2      | Killed Jessica
  1710 | D:2      | Reached skill level 1 in Armour
  1710 | D:2      | Reached skill level 1 in Shields
  1710 | D:2      | Reached XP level 4. HP: 23/34 MP: 5/5
  2101 | D:2      | Noticed an ogre
  2115 | D:2      | Killed an ogre
  2115 | D:2      | Reached skill level 4 in Slings
  2115 | D:2      | Reached XP level 5. HP: 4/41 MP: 6/6
  3544 | D:3      | Reached XP level 6. HP: 45/47 MP: 7/7
  4137 | D:4      | Slain by an ogre

Levels and vault maps discovered:
D:1:      dpeg_arrival_round_c, layout_basic
D:2:      layout_basic, uniq_jessica
D:3:      layout_basic, first_ration, minmay_pentomino_pile
D:4:      layout_loops_ring, overflow_temple_1_default,
          grunt_decor_mini_mirrors, ashenzari_altar_1

Skill      XL: |  1  2  3  4  5 |
---------------+----------------+-----
Fighting       | 2 3 |  3.6
Slings         | 3 4 |  4.5
Armour         | 1 2 |  2.0
Shields        | 1 2 |  2.3
Dodging        | |  2.1
Spellcasting   | |  1.1
Hexes          | |  3.2

Action                   |  1- 3 |  4- 6 || total
-------------------------+-------+-------++-------
 Fire: Hunting sling     |   153 |   178 ||   331
 Abil: Hop               |     1 |     1 ||     2
  Use: Scroll            |     3 |     6 ||     9
  Eat: Chunk             |     3 |     8 ||    11
Armor: Robe              |     6 |       ||     6
       Leather armour    |    11 |     6 ||    17
       Chain mail        |       |    24 ||    24
Dodge: Dodged            |    28 |    10 ||    38
Block: Shield            |    11 |    22 ||    33
       Large shield      |       |    15 ||    15

Levels and vault maps discovered:
D:1:      dpeg_arrival_round_c, layout_basic
D:2:      layout_basic, uniq_jessica
D:3:      layout_basic, first_ration, minmay_pentomino_pile
D:4:      layout_loops_ring, overflow_temple_1_default,
          grunt_decor_mini_mirrors, ashenzari_altar_1
